 Dungeon Crawl Stone Soup version 0.31-a0-801-gc67433417a (webtiles) character file.

Game seed: 2229234130314646895

425 Ivernyr the Slasher (level 6, -4/32 HPs)
             Began as a Vine Stalker Gladiator on Sept 20, 2023.
             Killed by nerve-wracking pain
             ... invoked by Grinder
              (8 damage)
             ... while paralysed by Grinder
             ... on level 4 of the Dungeon.
             The game lasted 00:05:46 (2150 turns).

Ivernyr the Slasher (Vine Stalker Gladiator)        Turns: 2150, Time: 00:05:46

Health: -4/32      AC:  4    Str: 16      XL:     6   Next: 96%
Magic:  0/7        EV:  2    Int:  8      God:
Gold:   253        SH:  0    Dex: 15 (18) Spells: 5/5 levels left

rFire   . . .        a - +0 long sword
rCold   . . .        (no shield)
rNeg    . . .        b - +0 leather armour
rPois   .            c - +0 helmet
rElec   .            (no cloak)
rCorr   .            (no gloves)
SInv    .            (no boots)
Will    .....        (no amulet)
Stlth   +            (no ring)
HPRegen 1.05/turn    (no ring)
MPRegen 0.10/turn

%: guardian spirit
@: paralysed
A: fangs 2, regeneration 1, magic shield, antimagic bite, no potion heal 2
a: no special abilities


You were on level 4 of the Dungeon.
You visited 1 branch of the dungeon, and saw 4 of its levels.

You collected 253 gold pieces.

Inventory:

Hand Weapons
 a - a +0 long sword (weapon)
Missiles
 d - 4 throwing nets (quivered)
 e - a javelin
Armour
 b - a +0 leather armour (worn)
 c - a +0 helmet (worn)
Jewellery
 n - a ring of flight
Wands
 l - a wand of flame (9)
 v - a wand of roots (10)
Scrolls
 f - a scroll of noise {unknown}
 g - a scroll of amnesia {unknown}
 h - 2 scrolls of fear {unknown}
 m - a scroll of vulnerability {unknown}
 o - a scroll of teleportation {unknown}
 q - 2 scrolls of identify {unknown}
 r - a scroll of fog {unknown}
Potions
 i - 6 potions of curing {unknown}
 j - a potion of enlightenment {unknown}
 k - 2 potions of haste {unknown}
 p - a potion of attraction {unknown}
 s - a potion of resistance {unknown}
 t - 2 potions of might {unknown}
 u - a potion of brilliance {unknown}
 w - a potion of heal wounds {unknown}


   Skills:
 + Level 3.3 Fighting
 * Level 4.8 Long Blades
 - Level 1.7 Throwing
 + Level 2.2 Armour
 + Level 3.5 Dodging


You had 5 spell levels left.
You didn't know any spells.
Your spell library contained the following spells:

 Spells                   Type           Power      Damage    Failure   Level
 Summon Small Mammal      Summ           0%         N/A       47%         1
 Blink                    Tloc           0%         N/A       63%         2
 Lesser Beckoning         Tloc           0%         N/A       63%         2
 Momentum Strike          Conj/Tloc      0%         3d8       63%         2
 Call Canine Familiar     Summ           0%         N/A       85%         3
 Summon Guardian Golem    Hex/Summ       0%         N/A       85%         3


Dungeon Overview and Level Annotations

Branches:
Dungeon (4/15)
 Temple: D:4-7

Altars:
Qazlal
Ru

Shops:
D:1 ?

Annotations:
D:4 Grinder


Innate Abilities, Weirdness & Mutations

You have extremely sharp teeth.
Your natural rate of healing is unusually fast.
When hurt, damage is shared between your health and your magic reserves.
Your bite disrupts and absorbs the magic of your enemies.
Potions cannot restore your health.


Message History

Grinder grins, showing sharp teeth.
Grinder completely misses you.
You hit Grinder but do no damage.
Grinder is heavily wounded.
Grinder hits you!
You writhe in agony.
Grinder hits you but does no damage.
You closely miss Grinder.
Grinder is heavily wounded.
Grinder hits you but does no damage.
You barely miss Grinder.
Grinder is heavily wounded.
Grinder hits you.
You closely miss Grinder. Your bite misses Grinder.
Grinder is heavily wounded.
Grinder hits you.
You writhe in agony.
* * * LOW HITPOINT WARNING * * *
Grinder says, "There's only one good use for a tongue: cutting it out."
There is a stone staircase leading up here.
You barely miss Grinder. Your bite misses Grinder.
Grinder is heavily wounded.
Grinder barely misses you.
You hit Grinder but do no damage. Your bite misses Grinder.
Grinder is heavily wounded.
Grinder hits you but does no damage.
You hit Grinder but do no damage.
Grinder is heavily wounded.
Grinder gestures at you.
You suddenly lose the ability to move!
Grinder hits you.
* * * LOW HITPOINT WARNING * * *
Grinder hits you.
* * * LOW HITPOINT WARNING * * *
You writhe in agony.
* * * LOW HITPOINT WARNING * * *
Grinder gestures at you. You resist with some effort. Grinder hits you.
* * * LOW HITPOINT WARNING * * *
Grinder gestures at you. Pain shoots through your body!
You die...
Grinder says, "Now the real fun starts!"

#.....######.#....#.
####.#.................
..##......#.###......#.
###.##.#..........##.#.#
.....#......#.###....#.#..
##.......#.##.# #..#.#.#.K
##............# #........###
##.....#.#.#..###..#.#.#... ..
....##.........5@......#.###..
##.......#....###[...........<
##..#...##....###...#..##..>.. .
....#>..................#...#...
###.#.#÷##..#.###.#.#.........[.
# #.#.#.....#.# #...#...........
# #.#.#.##..#.####..##§###......
# #.#.#.............##5###....#.
# #.#......##.####..............


You could see Grinder.

Vanquished Creatures
  Eustachio (D:4)
  Pargi (D:3)
  An iguana (D:4)
  An orc wizard (D:3)
  Robin (D:2)
  3 adders (D:2)
  A worm (D:2)
  3 dart slugs
  4 orcs (D:3)
  8 bats
  6 endoplasms
  A giant cockroach (D:3)
  15 goblins
  8 hobgoblins
  5 jackals
  2 quokkas (D:2)
  4 ball pythons
  12 frilled lizards
  7 kobolds
  4 rats
88 creatures vanquished.

Notes
Turn   | Place    | Note
-------+----------+-------------------------------------------
     0 | D:1      | Ivernyr the Vine Stalker Gladiator began the quest for the
                  | Orb.
     0 | D:1      | Reached XP level 1. HP: 11/11 MP: 2/2
    74 | D:1      | Found Heokk's Magic Scroll Shop.
   150 | D:1      | Reached XP level 2. HP: 15/15 MP: 1/3
   250 | D:1      | Reached skill level 3 in Long Blades
   296 | D:1      | Found a faded altar of an unknown god.
   501 | D:2      | Noticed Robin
   523 | D:2      | Reached XP level 3. HP: 18/18 MP: 1/4
   540 | D:2      | Killed Robin
   546 | D:2      | Reached skill level 1 in Armour
   648 | D:2      | Reached XP level 4. HP: 18/23 MP: 3/5
  1317 | D:3      | Found a sacrificial altar of Ru.
  1335 | D:3      | Reached XP level 5. HP: 27/27 MP: 4/6
  1441 | D:3      | Noticed Pargi
  1460 | D:3      | Killed Pargi
  1461 | D:3      | Reached skill level 4 in Long Blades
  1461 | D:3      | Reached XP level 6. HP: 15/32 MP: 5/7
  1714 | D:4      | Noticed Eustachio
  1825 | D:4      | Killed Eustachio
  2006 | D:4      | Found a stormy altar of Qazlal.
  2089 | D:4      | Noticed Grinder
  2097 | D:4      | Paralysed by Grinder for 2 turns
  2146 | D:4      | Paralysed by Grinder for 5 turns
  2150 | D:4      | Killed from afar by Grinder

Illustrated notes

Levels and vault maps discovered:
D:1:      ncdulo_lavacross, layout_rooms, serial_shops, shop,
          shapermc_ecumenical_altar_gd, minmay_lizard_pond
D:2:      layout_rooms, serial_rivers, chequers_serial_rivers_micro_e,
          chequers_serial_rivers_large_b, chequers_serial_rivers_large_a,
          chequers_serial_rivers_room_a, chequers_serial_rivers_micro_d,
          minmay_joined_circles, uniq_robin
D:3:      layout_basic, nicolae_ru_great_annihilating_truth, uniq_pargi
D:4:      layout_basic, mainiacjoe_overflow_brackets,
          makhleb_blood_cavern_becter, uniq_grinder, uniq_eustachio,
          uniq_duvessa

Skill      XL: |  1  2  3  4  5  6 |
---------------+-------------------+-----
Fighting       | 2 3 |  3.3
Long Blades    | 3 4 |  4.8
Armour         | 1 2 |  2.2
Dodging        | 3 |  3.5
Throwing       | |  1.7

Action                     |  1- 3 |  4- 6 || total
---------------------------+-------+-------++-------
  Melee: Long sword        |    93 |   223 ||   316
         Bite              |    16 |    37 ||    53
         Punch             |       |     4 ||     4
  Throw: Throwing net      |       |     1 ||     1
   Stab: Sleeping          |     2 |     1 ||     3
         Paralysed         |       |     2 ||     2
         Invisible         |       |     1 ||     1
 Armour: Leather armour    |    64 |   199 ||   263
  Dodge: Dodged            |    85 |   226 ||   311

Table legend: (Time is in decaauts)
 A = Elapsed time spent in this place.
 B = Non-inter-level travel time spent in this place.
 C = Inter-level travel time spent in this place.
 D = Time resting spent in this place.
 E = Time spent auto-exploring this place.
 F = Levels seen in this place.
 G = Mean time per level.
                   A        B        C        D        E       F      G
               +--------+--------+--------+--------+--------+-----+--------+
         Total |   2250 |   2215 |     35 |     18 |   1459 |   4 |  562.5 |
       Dungeon |   2250 |   2215 |     35 |     18 |   1459 |   4 |  562.5 |
               +--------+--------+--------+--------+--------+-----+--------+

Top non-repeatable levels by time:
     D:2: 823 daAuts
     D:3: 490 daAuts
     D:1: 475 daAuts
     D:4: 460 daAuts
